 Dungeon Crawl Stone Soup version 0.30.0-29-ga12c61a403 (webtiles) character file.

Game seed: 14599897562243944938

76 qw the Chopper (level 4, 0/28 HPs)
             Began as a Gargoyle Fighter on June 2, 2023.
             Slain by Robin
             ... wielding a +0 short sword
              (2 damage)
             ... on level 3 of the Dungeon.
             The game lasted 00:00:55 (1723 turns).

qw the Chopper (Gargoyle Fighter)                   Turns: 1723, Time: 00:00:56

Health: 0/28       AC: 10    Str: 21    XL:     4   Next: 32%
Magic:  4/4        EV:  9    Int:  9    God:
Gold:   205        SH:  4    Dex:  9    Spells: 3/3 levels left

rFire   . . .        Y - +2 war axe
rCold   . . .        c - +0 buckler
rNeg    + . .        b - +0 scale mail
rPois   inf          (no helmet)
rElec   +            (no cloak)
rCorr   .            (no gloves)
SInv    .            (no boots)
Will    .....        (no amulet) Stlth
                     (no ring)
HPRegen 0.24/turn    (no ring)
MPRegen 0.09/turn

%: no passive effects
@: no status effects
A: sickness immunity, AC +3, negative energy resistance 1, electricity
resistance, torment resistance 1, petrification resistance
a: no special abilities


You were on level 3 of the Dungeon.
You visited 1 branch of the dungeon, and saw 3 of its levels.

You collected 205 gold pieces.


Innate Abilities, Weirdness & Mutations

You are immune to sickness and miasma.
Your stone body is resilient. (AC +3)
You are immune to poison.
You resist negative energy. (rN+)
You are resistant to electric shocks. (rElec)
You are resistant to unholy torment.
You are immune to petrification.


   Skills:
 - Level 3.2 Fighting
 + Level 4.0 Axes
 - Level 3.2 Armour
 - Level 3.2 Shields


You had 3 spell levels left.
You didn't know any spells.
Your spell library was empty.

Inventory:

Hand Weapons
 k - a +0 whip
 Y - a +2 war axe (weapon)
Armour
 b - a +0 scale mail (worn)
 c - a +0 buckler (worn)
Scrolls
 g - a scroll of identify
 j - 2 scrolls of enchant armour
Potions
 a - a potion of attraction {unknown}
 d - a potion of might
 e - a potion of heal wounds {unknown}
 f - a potion of haste
 i - a potion of flight {unknown}

Dungeon Overview and Level Annotations

Branches:
Dungeon (3/15)

Altars:
Sif Muna

Annotations:
D:3 Robin


Message History

Robin zaps a wand.
The puff of flame hits you. The goblin barely misses you.
Your Axes skill increases to level 4!
You barely miss Robin.
Robin is heavily wounded.
You hit the orc. You completely miss the goblin. You block the orc's attack.
Robin hits you with a +0 short sword. The goblin closely misses you.
The orc hits you but does no damage. The goblin closely misses you.
Robin throws the goblin at you!
You slash the orc!
You kill the orc!
You hit Robin. You closely miss the goblin. You barely miss the goblin.
The goblin no longer looks unusually strong.
The goblin hits you but does no damage. Robin hits you but does no damage.
You block the goblin's attack.
You barely miss Robin.
Robin is almost dead.
You barely miss the goblin. You slash the goblin!
You kill the goblin!
Robin closely misses you. The goblin completely misses you.
You closely miss Robin.
Robin is almost dead.
You hit the goblin.
You kill the goblin!
You block Robin's attack. Robin hits you with a +0 short sword.
You closely miss Robin.
Robin is almost dead.
You hit the endoplasm.
The endoplasm hits you but does no damage.
Robin closely misses you.
You closely miss Robin.
Robin is almost dead.
You hit the endoplasm.
You kill the endoplasm!
Robin closely misses you.
You closely miss Robin.
Robin is almost dead.
Robin barely misses you.
Robin says, "A pitiful Gargoyle like you will never find the ORB!"
Robin hits you with a +0 short sword.
You die...

#...........
#...........
#...........
#...........
#...........
#...........
#.!))g.......
#...@).......
#..))).......
#............
#.............
#.............
#.............
#.(...........
###.............
................


You could see Robin.

Vanquished Creatures
  3 worms (D:2)
  2 dart slugs
  An orc (D:3)
  3 bats (D:2)
  3 endoplasms
  13 goblins
  11 hobgoblins
  5 ball pythons
  3 frilled lizards
  10 kobolds
  4 rats (D:2)
58 creatures vanquished.

Notes
Turn   | Place    | Note
-------+----------+-------------------------------------------
     0 | D:1      | qw the Gargoyle Fighter began the quest for the Orb.
     0 | D:1      | Reached XP level 1. HP: 14/14 MP: 1/1
     0 | D:1      | 0 ||| qw: Version: 0.2-a-102-gdf20003
     0 | D:1      | 0 ||| qw: Game counter: 893
     0 | D:1      | 0 ||| qw: Always use a shield: true
     0 | D:1      | 0 ||| qw: God list: Okawaru
     0 | D:1      | 0 ||| qw: Allow faded altars: false
     0 | D:1      | 0 ||| qw: Do Orc after D:15 true
     0 | D:1      | 0 ||| qw: Do second Lair branch before Depths: true
     0 | D:1      | 0 ||| qw: Lair rune preference: random
     0 | D:1      | 0 ||| qw: Plans: Normal, Zot:1-4, Slime:5, God:TSO, Crypt,
                  | Tomb, Pan, Hells, Abyss, Win
     0 | D:1      | 0 ||| PLANNING D:1-11
   127 | D:1      | Reached skill level 2 in Axes
   506 | D:1      | 506 ||| DROPPING +0 club.
   642 | D:1      | 642 ||| READING scroll labelled PITULI DANGI.
   643 | D:1      | 643 ||| READING scroll labelled ANKU BIOPNI.
   644 | D:1      | 644 ||| READING scroll labelled RUREXE EJA TUW.
   645 | D:1      | 645 ||| READING 3 scrolls labelled XUTUERGH ROYHA.
   661 | D:2      | Reached XP level 2. HP: 18/19 MP: 2/2
   764 | D:2      | 764 ||| Stepping ~*~*~tactically~*~*~ (stealth).
   765 | D:2      | 765 ||| Stepping ~*~*~tactically~*~*~ (stealth).
   789 | D:2      | Reached skill level 3 in Axes
   789 | D:2      | Reached XP level 3. HP: 17/23 MP: 3/3
   857 | D:2      | 857 ||| Stepping ~*~*~tactically~*~*~ (stealth).
   958 | D:2      | 958 ||| Stepping ~*~*~tactically~*~*~ (stealth).
   965 | D:2      | 965 ||| FLEEEEING.
   966 | D:2      | 966 ||| FLEEEEING.
   967 | D:2      | 967 ||| FLEEEEING.
  1071 | D:2      | 1071 ||| READING scroll labelled XOEMARGHE XOHE.
  1173 | D:2      | 1173 ||| READING 2 scrolls labelled XINAM OMONTERCH.
  1174 | D:2      | 1174 ||| READING scroll of enchant weapon.
  1174 | D:2      | 1174 ||| ENCHANTING +1 war axe.
  1175 | D:2      | 1175 ||| READING scroll labelled TYCUDD ACOUJA.
  1176 | D:2      | 1176 ||| DRINKING 2 bubbling orange potions.
  1186 | D:2      | 1186 ||| FLEEEEING.
  1187 | D:2      | 1187 ||| FLEEEEING.
  1237 | D:2      | Found a shimmering blue altar of Sif Muna.
  1705 | D:3      | Noticed Robin
  1710 | D:3      | Reached XP level 4. HP: 25/28 MP: 4/4
  1714 | D:3      | HP: 5/28 [Robin/+0 short sword (5)]
  1716 | D:3      | HP: 2/28 [Robin/puff of flame (3)]
  1717 | D:3      | Reached skill level 4 in Axes
  1723 | D:3      | Slain by Robin

Levels and vault maps discovered:
D:1:      co_arrival_random_square_maze, layout_loops_cross,
          corexii_hall_statues_l, dreamdust_wishing_well,
          minmay_misc_feat_ornament
D:2:      layout_basic, basic_altar, kennysheep_flooded_box,
          kennysheep_crisscross, corexii_item_surrounded_by_moat, minmay_between
D:3:      layout_basic, uniq_robin

Skill      XL: |  1  2  3  4 |
---------------+-------------+-----
Axes           | 2 3 4 |  4.0
Fighting       | |  3.2
Armour         | |  3.2
Shields        | |  3.2

Action                     |  1- 3 |  4- 6 || total
---------------------------+-------+-------++-------
  Melee: War axe           |   123 |    14 ||   137
    Use: Scroll            |     8 |       ||     8
         Potion            |     1 |       ||     1
 Armour: Scale mail        |    51 |    13 ||    64
  Dodge: Dodged            |    60 |    19 ||    79
  Block: Buckler           |    17 |    11 ||    28

Table legend:
 A = Non-vault XP
 B = Vault XP
 C = Vault XP percentage of total XP
 D = Non-vault monster count
 E = Vault monster count
 F = Vault count percentage of total count
                 A         B        C        D         E       F
            +---------+---------+-------+---------+---------+-------
      Total |      78 |      31 |  28.4 |      42 |      16 |  27.6
            +---------+---------+-------+---------+---------+-------
        D:1 |       9 |       0 |   0.0 |       7 |       0 |   0.0
        D:2 |      48 |       7 |  12.7 |      25 |       4 |  13.8
        D:3 |      21 |      24 |  53.3 |      10 |      12 |  54.5
            +---------+---------+-------+---------+---------+-------
